 Dungeon Crawl Stone Soup version 0.30-a0-354-g6b83867211 (webtiles) character file.

Game seed: 1653680764266011019

142 ytrimaz the Chopper (level 5, 0/41 HPs)
             Began as a Formicid Fighter on Nov 7, 2022.
             Slain by a gnoll
             ... wielding a +0 spear
              (2 damage)
             ... on level 3 of the Dungeon.
             The game lasted 00:01:39 (1286 turns).

ytrimaz the Chopper (Formicid Fighter)              Turns: 1286, Time: 00:01:40

Health: 0/41       AC:  6    Str: 23    XL:     5   Next: 49%
Magic:  5/5        EV:  9    Int:  7    God:
Gold:   43         SH:  6    Dex: 13    Spells: 4/4 levels left

rFire   . . .      SeeInvis +    a - +0 war axe
rCold   . . .      Faith    .    c - +1 buckler
rNeg    . . .      Spirit   .    b - +0 scale mail
rPois   .          Reflect  .    (helmet unavailable)
rElec   .          Harm     .    (no cloak)
rCorr   .          Rampage  .    (no gloves)
Will    +....                    (no boots)
Stlth   ..........               (no amulet)
HPRegen 0.26/turn                e - ring of willpower
MPRegen 0.09/turn                (no ring)

@: no status effects
A: permanent stasis, dig shafts and tunnels, antennae 3, four strong arms
a: Dig, Shaft Self


You were on level 3 of the Dungeon.
You visited 1 branch of the dungeon, and saw 3 of its levels.

You collected 43 gold pieces.


Innate Abilities, Weirdness & Mutations

You cannot be hasted, slowed, berserked, paralysed or teleported.
You can dig through walls and to a lower floor.
You have a pair of large antennae on your head. (SInv)
Your four strong arms can wield two-handed weapons with a shield.


   Skills:
 - Level 3.2 Fighting
 + Level 5.3 Axes
 - Level 3.2 Armour
 - Level 4.0 Shields


You had 4 spell levels left.
You didn't know any spells.
Your spell library contained the following spells:

 Spells                   Type           Power      Damage    Failure   Level
 Foxfire                  Conj/Fire      0%         2x1d4     82%         1
 Summon Small Mammal      Summ           0%         N/A       82%         1
 Call Canine Familiar     Summ           0%         N/A       99%         3
 Summon Guardian Golem    Hex/Summ       0%         N/A       99%         3
 Orb of Destruction       Conj           0%         9d5       100%        7
 Spellforged Servitor     Conj/Summ      0%         N/A       100%        7

Inventory:

Hand Weapons
 a - a +0 war axe (weapon)
Missiles
 f - a throwing net
 m - 6 atropa-tipped darts
Armour
 b - a +0 scale mail (worn)
 c - a +1 buckler (worn)
Jewellery
 e - a ring of willpower (left hand)
   (You found it on level 1 of the Dungeon)
Scrolls
 l - a scroll of magic mapping
Potions
 d - a potion of might
 g - a potion of curing
 h - a potion of cancellation {unknown}
 i - a potion of attraction
 n - 2 potions of lignification {unknown}

Dungeon Overview and Level Annotations

Branches:
Dungeon (3/15) Zot: 16666

Altars:

........# ........#
........# ........#
........# ###
........# #.#
........### ##)##
..........## #.@.#
.......<#..####g#!#
........#......h..#
####.####.........#
#. #.........# #
#.....)...#
#.....)(..#
##....#.#.#
####...#.#


You could see a gnoll and a jackal.


Message History

You take 5 damage, and now have 14/41 hp.
You barely miss the gnoll. You hit the gnoll but do no damage.
You block the gnoll's attack. The gnoll hits you with a +0 whip.
* * * LOW HITPOINT WARNING * * *
Unknown command. 😨 HP[-1]
You take 1 damage, and now have 13/41 hp.
You slash the gnoll!
You kill the gnoll!
You closely miss the gnoll.
The gnoll closely misses you. 😨 HP[+1] Unknown command.
The gnoll hits you but does no damage.
Things that are here:
a +0 flail; a gnoll corpse You hit the gnoll.
The gnoll closely misses you. The rat bites you but does no damage.
The gnoll hits you with a +0 whip.
* * * LOW HITPOINT WARNING * * *
😱 HP[-5]
You take 5 damage, and now have 9/41 hp.
Unknown command.
You hit the gnoll.
You kill the gnoll!
You slash the rat!
You kill the rat!
A gnoll comes into view. It is wielding a +0 flail.
Your Axes skill increases to level 5! 😱 HP[+1]
The gnoll shouts!
You hear a shout!
The gnoll throws a throwing net.
You block the throwing net.
Things that are here:
a throwing net; a +0 whip; a gnoll corpse Unknown command. 😨 HP[+1] 😨 HP[+1] 😨 HP[+1]
A gnoll comes into view. It is wielding a +0 spear. 😨 HP[+1]
The gnoll shouts!
You hit the gnoll but do no damage. You block the gnoll's attack.
You slash the gnoll!
A gnoll comes into view. It is wielding a +0 spear.
The gnoll misses you. The gnoll closely misses you.
Unknown command.
You barely miss the gnoll. The gnoll barely misses you. 😨 HP[+1]
You closely miss the gnoll. The gnoll closely misses you.
You slash the gnoll!
You kill the gnoll!
You block the gnoll's attack.
Unknown command.
The gnoll hits you but does no damage.
The gnoll hits you from afar with a +0 spear.
* * * LOW HITPOINT WARNING * * *
Things that are here:
a +0 flail; a gnoll corpse; 😨 HP[-3]
You take 3 damage, and now have 12/41 hp.
Unknown command.
You slash the gnoll! You block the gnoll's attack.
The gnoll hits you from afar with a +0 spear.
* * * LOW HITPOINT WARNING * * *
The gnoll barely misses you.
The gnoll hits you from afar with a +0 spear.
* * * LOW HITPOINT WARNING * * *
😱 HP[-8]
You take 8 damage, and now have 4/41 hp.
You slash the gnoll!
You kill the gnoll!
You hear the slow rusting of a very distant drain.
The gnoll hits you from afar with a +0 spear.
* * * LOW HITPOINT WARNING * * *
😱 HP[-2]
You take 2 damage, and now have 2/41 hp.
You feel better. You block the gnoll's attack. 😱 HP[+8]
You regained 8 hp, and now have 10/41 hp.
The gnoll misses you.
A jackal comes into view.
You see here a +0 spear.
Unknown command.
You barely miss the gnoll.
The jackal barks!
The gnoll closely misses you.
You hit the gnoll but do no damage. You block the gnoll's attack.
The gnoll hits you but does no damage.
You hit the gnoll but do no damage. You block the gnoll's attack. 😨 HP[+1]
You closely miss the gnoll. The gnoll hits you with a +0 spear.
* * * LOW HITPOINT WARNING * * *
😱 HP[-4]
You take 4 damage, and now have 7/41 hp.
Unknown command.
You barely miss the gnoll. The gnoll hits you with a +0 spear.
* * * LOW HITPOINT WARNING * * *
😱 HP[-3]
You take 3 damage, and now have 4/41 hp.
You hit the gnoll. The gnoll hits you with a +0 spear.
* * * LOW HITPOINT WARNING * * *
The gnoll hits you with a +0 spear.
You die...

Skill      XL: |  1  2  3  4  5 |
---------------+----------------+-----
Axes           | 3 4 5 |  5.3
Fighting       | |  3.2
Armour         | |  3.2
Shields        | |  4.0

Action                   |  1- 3 |  4- 6 || total
-------------------------+-------+-------++-------
Melee: War axe           |    65 |    59 ||   124
  Use: Scroll            |     1 |     5 ||     6
       Potion            |       |     2 ||     2
Armor: Scale mail        |    47 |    18 ||    65
Dodge: Dodged            |    37 |    29 ||    66
Block: Buckler           |    18 |    29 ||    47

Levels and vault maps discovered:
D:1:      lightli_arrival_isolated_outpost, layout_basic,
          shapermc_ecumenical_altar_rom_forum, nrook_uturn, chequers_jeans
D:2:      layout_rooms, grunt_decor_junction, uniq_robin
D:3:      layout_rooms, lemuel_doored_altar, lightli_sewer_entry_pipes,
          uniq_sigmund

Notes
Turn   | Place    | Note
-------+----------+-------------------------------------------
     0 | D:1      | ytrimaz the Formicid Fighter began the quest for the Orb.
     0 | D:1      | Reached XP level 1. HP: 18/18 MP: 1/1
     0 | D:1      | magus.rc [v1.9.6]
    49 | D:1      | You pick up a book of Callings and begin reading...
    49 | D:1      | You add the spells Summon Small Mammal, Call Canine
                  | Familiar and Summon Guardian Golem to your library.
    99 | D:1      | Reached XP level 2. HP: 23/24 MP: 2/2
   183 | D:1      | Reached skill level 3 in Axes
   223 | D:1      | Reached XP level 3. HP: 24/29 MP: 3/3
   269 | D:1      | Found a faded altar of an unknown god.
   278 | D:1      | Got Plato's Verses on Conflict
   704 | D:2      | You pick up a book of Dangerous Friends and begin
                  | reading...
   704 | D:2      | You add the spells Orb of Destruction and Spellforged
                  | Servitor to your library.
   822 | D:2      | Reached skill level 4 in Axes
   822 | D:2      | Reached XP level 4. HP: 34/35 MP: 4/4
  1091 | D:2      | Noticed Robin
  1108 | D:2      | Killed Robin
  1244 | D:3      | Reached XP level 5. HP: 41/41 MP: 5/5
  1254 | D:3      | HP: 9/41 [gnoll/+0 whip (5)]
  1256 | D:3      | Reached skill level 5 in Axes
  1277 | D:3      | HP: 10/41 [gnoll/+0 spear (2)]
  1277 | D:3      | HP: 4/41 [gnoll/+0 spear (6)]
  1284 | D:3      | HP: 7/41 [gnoll/+0 spear (4)]
  1286 | D:3      | HP: 2/41 [gnoll/+0 spear (3)]
  1286 | D:3      | Slain by a gnoll

Vanquished Creatures
  Robin (D:2)
  2 adders (D:2)
  5 gnolls (D:3)
  A dart slug (D:2)
  4 ball pythons
  5 bats
  2 endoplasms (D:1)
  10 goblins
  12 hobgoblins
  7 jackals
  4 frilled lizards
  3 kobolds
  4 rats
60 creatures vanquished.

Table legend:
 A = Non-vault XP
 B = Vault XP
 C = Vault XP percentage of total XP
 D = Non-vault monster count
 E = Vault monster count
 F = Vault count percentage of total count
                 A         B        C        D         E       F
            +---------+---------+-------+---------+---------+-------
      Total |     166 |      37 |  18.2 |      48 |      12 |  20.0
            +---------+---------+-------+---------+---------+-------
        D:1 |      40 |       0 |   0.0 |      24 |       0 |   0.0
        D:2 |      56 |      37 |  39.8 |      18 |      12 |  40.0
        D:3 |      70 |       0 |   0.0 |       6 |       0 |   0.0
            +---------+---------+-------+---------+---------+-------

Illustrated notes

Table legend:
 A = Kills in this place as a percentage of kills in entire the game.
 B = Kills by you in this place as a percentage of kills by you in the entire game.
 C = Kills by friends in this place as a percentage of kills by friends in the entire game.
 D = Other kills in this place as a percentage of other kills in the entire game.
 E = Experience gained in this place as a percentage of experience gained in the entire game.
 F = Experience gained in this place divided by the number of levels of this place that you have seen.
                   A       B       C       D       E      F
               +-------+-------+-------+-------+-------+----------------------
         Total | 100.0 | 100.0 |   N/A |   N/A | 100.0 |  67.7
       Dungeon | 100.0 | 100.0 |   N/A |   N/A | 100.0 |  67.7
               +-------+-------+-------+-------+-------+----------------------

Table legend: (Time is in decaauts)
 A = Elapsed time spent in this place.
 B = Non-inter-level travel time spent in this place.
 C = Inter-level travel time spent in this place.
 D = Time resting spent in this place.
 E = Time spent auto-exploring this place.
 F = Levels seen in this place.
 G = Mean time per level.
                   A        B        C        D        E       F      G
               +--------+--------+--------+--------+--------+-----+--------+
         Total |   1332 |   1313 |     19 |      0 |    952 |   3 |  444.0 |
       Dungeon |   1332 |   1313 |     19 |      0 |    952 |   3 |  444.0 |
               +--------+--------+--------+--------+--------+-----+--------+

Top non-repeatable levels by time:
     D:1: 713 daAuts
     D:2: 559 daAuts
     D:3: 59 daAuts
